Map: Dreamcatcher LE

Players

Snute - Winner!

  • Race: Zerg Zerg
  • Spawn Location: 11:00

GOStephano (Stephano)

  • Race: Zerg Zerg
  • Spawn Location: 5:00

Event: WCS Austin 2018

VOD

Have the link to the VOD?

Description

Time

  • Played on: June 2, 2018, 6:29 p.m.
  • Length: 8:19

All games in this series

Show
View Real Time Build Order
Export as new Build Order

Snute Zerg - Winner!

Build Orders: Hatch First 

Get SALT Encoding   

  12  0:00  Drone  
  13  0:12  Overlord  
  13  0:16  Drone  
  14  0:30  Drone x2  
  14  0:33  Drone  
  17  0:50  Hatchery  
  17  0:54  Drone  
  17  0:56  Drone  
  18  1:01  Extractor  
  17  1:12  Spawning Pool  
  17  1:14  Drone  
  17  1:18  Drone  
  18  1:27  Drone  
  19  1:38  Overlord  
  19  1:48  Drone  
  20  1:58  Queen  
  20  1:59  Drone  
  23  2:01  Metabolic Boost  
  23  2:02  Queen  
  23  2:05  Drone  
  26  2:10  Drone  
  26  2:13  Drone  
  28  2:23  Zergling x2  
  28  2:24  Zergling x2  
  30  2:32  Zergling x2  
  30  2:34  Drone  
  32  2:42  Hatchery  
  32  2:43  Overlord  
  31  2:46  Drone  
  32  2:53  Baneling Nest, Zergling x2  
  32  2:56  Zergling x2  
  33  3:05  Zergling x2  
  34  3:07  Zergling x8  
  34  3:10  Zergling x2  
  34  3:11  Zergling x2  
  40  3:15  Overlord  
  40  3:18  Drone  
  41  3:23  Drone  
  42  3:28  Overlord  
  42  3:30  Drone  
  42  3:38  Baneling x2  
  42  3:43  Drone x3  
  42  3:47  Baneling x3  
  43  3:49  Drone x3  
  44  3:55  Drone  
  44  3:56  Drone x2  
  44  4:00  Drone  
  44  4:01  Drone  
  48  4:08  Baneling x2  
  48  4:09  Drone x3  
  51  4:24  Zergling x6  
  49  4:25  Drone  
  49  4:27  Overlord  
  49  4:28  Drone  
  52  4:32  Zergling x10  
  52  4:37  Lair  
  55  4:39  Drone, Extractor x2  
  55  4:40  Drone  
  55  4:41  Evolution Chamber  
  55  4:42  Queen  
  55  4:45  Drone  
  57  4:49  Drone x2  
  59  4:54  Drone  
  59  4:55  Roach Warren  
  59  5:02  Drone x2  
  61  5:07  Drone x5  
  61  5:08  Drone x2  
  61  5:13  Zerg Missile Weapons Level 1  
  67  5:18  Zergling x2  
  67  5:19  Zergling x4  
  68  5:28  Baneling  
  68  5:32  Overlord, Drone x3  
  68  5:34  Glial Reconstitution, Extractor  
  70  5:37  Overlord  
  70  5:43  Roach x2  
  70  5:45  Hatchery  
  70  5:48  Overlord  
  73  5:50  Overlord  
  73  5:53  Drone x2  
  73  5:54  Queen  
  76  6:01  Roach x4  
  82  6:08  Roach x4  
  82  6:11  Overlord  
  90  6:15  Roach  
  90  6:16  Roach x2  
  90  6:18  Overlord  
  96  6:20  Overlord  
  96  6:24  Roach  
  97  6:28  Overlord x2  
  96  6:34  Roach x3  
  96  6:35  Roach  
  96  6:37  Roach  
  96  6:38  Roach  
  108  6:41  Roach  
  108  6:46  Roach  
  112  6:49  Roach x2  
  116  6:56  Roach  
  116  6:58  Ravager x2  
  116  7:00  Roach x2  
  116  7:01  Roach  
  125  7:04  Roach  
  125  7:05  Roach x5  
  137  7:12  Drone x6  
  137  7:13  Drone, Extractor  
  129  7:32  Roach x8  
  129  7:36  Ravager  
  129  7:37  Ravager  
  135  7:38  Roach  
  135  7:39  Overlord  
  135  7:41  Extractor  
  128  7:45  Roach x8  
  144  7:57  Overlord x2, Drone x6  
  148  8:02  Drone  
  148  8:03  Drone  
Show
View Real Time Build Order
Export as new Build Order

GOStephano Zerg 

Build Orders: Hatch First, Zergling Baneling 

Get SALT Encoding   

  12  0:00  Drone  
  13  0:12  Overlord  
  13  0:17  Drone  
  14  0:31  Drone x2  
  16  0:48  Hatchery  
  15  0:51  Drone  
  15  0:55  Drone  
  17  0:58  Drone  
  18  1:08  Extractor  
  17  1:13  Spawning Pool  
  17  1:16  Drone  
  17  1:20  Drone  
  18  1:28  Drone  
  19  1:41  Drone  
  20  1:52  Drone  
  21  2:00  Queen x2  
  25  2:01  Zergling x2  
  25  2:02  Overlord  
  26  2:08  Metabolic Boost  
  26  2:12  Drone x2  
  28  2:22  Zergling x4  
  30  2:35  Hatchery  
  29  2:42  Baneling Nest  
  28  2:44  Drone  
  28  2:45  Drone  
  28  2:50  Overlord  
  30  2:54  Drone  
  30  2:58  Overlord  
  31  3:05  Zergling x2  
  31  3:06  Zergling x2  
  33  3:16  Zergling x6  
  33  3:18  Drone x3  
  39  3:20  Zergling x2  
  39  3:27  Baneling x2  
  40  3:28  Zergling x4  
  41  3:36  Queen  
  42  3:42  Baneling x2  
  42  3:46  Zergling x6  
  42  3:53  Zergling x10  
  45  3:56  Baneling  
  45  4:03  Drone x3  
  48  4:10  Drone x3  
  48  4:13  Evolution Chamber  
  50  4:23  Drone x3  
  46  4:31  Zergling x12  
  49  4:32  Baneling x2  
  48  4:42  Drone x5  
  53  4:50  Queen  
  53  4:51  Overlord  
  55  4:53  Zergling x4  
  55  4:56  Baneling x2  
  55  4:58  Overlord  
  57  5:10  Overlord  
  57  5:11  Drone x4  
  57  5:12  Drone x4  
  65  5:16  Drone x2  
  65  5:19  Drone  
  67  5:21  Extractor  
  67  5:23  Extractor  
  67  5:24  Overlord  
  65  5:29  Drone x2  
  65  5:31  Zerg Ground Armor Level 1  
  67  5:36  Drone x4  
  67  5:39  Roach Warren  
  70  6:02  Overlord  
  70  6:05  Overlord  
  69  6:12  Overlord  
  69  6:13  Overlord  
  69  6:14  Drone x3  
  72  6:20  Roach x8  
  72  6:21  Roach  
  90  6:29  Roach x2  
  90  6:32  Roach x3  
  99  6:36  Extractor  
  99  6:39  Hatchery  
  97  6:42  Zergling x18  
  106  6:48  Hatchery  
  106  6:51  Zergling x6  
  108  6:58  Zergling x2  
  108  6:59  Ravager x3, Zergling x4  
  114  7:10  Zergling x16  
  118  7:24  Roach x3  
  105  7:30  Roach x5  
  105  7:35  Roach  
  105  7:36  Roach x3  
  103  7:42  Roach x4  
  99  7:52  Drone x4  
Tags
 
Add a new tag
Caveats
  • Supply blocks, unpowered buildings, or Contaminate may cause inaccurate times.
  • Supply counts are checked every 10 seconds.